 Dungeon Crawl Stone Soup version 0.30-a0-782-ge64f9170bb (webtiles) character file.

Game seed: 3174628881534202563

2575 Smoke131 the Ruffian (level 9, -2/84 HPs)
             Began as a Troll Gladiator on Feb 19, 2023.
             Was an Elder of Okawaru.
             Slain by Joseph
             ... wielding a +2 quarterstaff of speed
              (18 damage)
             ... on level 8 of the Dungeon.
             The game lasted 00:18:31 (6717 turns).

Smoke131 the Ruffian (Troll Gladiator)              Turns: 6717, Time: 00:18:31

Health: -2/84      AC:  5    Str: 34    XL:     9   Next: 32%
Magic:  11/11      EV:  9    Int:  4    God:    Okawaru [****..]
Gold:   143        SH:  8    Dex: 11    Spells: 8/8 levels left

rFire   . . .      SeeInvis .      - Unarmed
rCold   . . .      Faith    .    f - +0 kite shield
rNeg    . . .      Spirit   .    a - +0 robe
rPois   .          Reflect  .    b - +0 hat
rElec   .          Harm     .    h - +0 cloak
rCorr   +          Rampage  .    (gloves unavailable)
Will    .....                    (boots unavailable)
Stlth   +                        (no amulet)
HPRegen 1.14/turn                e - ring of resist corrosion
MPRegen 0.12/turn                H - +6 ring of strength

@: no status effects
A: large, unfitting armour, claws 3, regeneration 1, shaggy fur 1, tough skin 1
a: Renounce Religion, Heroism, Finesse


You were on level 8 of the Dungeon.
You worshipped Okawaru.
Okawaru was greatly pleased with you.
You visited 1 branch of the dungeon, and saw 8 of its levels.
You also visited: Sewer.

You collected 575 gold pieces.
You spent 432 gold pieces at shops.

Inventory:

Hand Weapons
 w - a +0 mace
Missiles
 c - 5 throwing nets (quivered)
 i - 2 large rocks
 B - 2 curare-tipped darts
 G - 3 javelins
Armour
 a - a +0 robe (worn)
 b - a +0 hat (worn)
 f - a +0 kite shield (worn)
 h - a +0 cloak (worn)
Jewellery
 e - a ring of resist corrosion (left claw)
 y - an amulet of magic regeneration
 A - a ring of willpower
 H - a +6 ring of strength (right claw)
 J - a +6 ring of intelligence
 K - a ring of poison resistance
Wands
 p - a wand of flame (12)
 I - a wand of iceblast (9)
Scrolls
 g - a scroll of poison {unknown}
 k - 2 scrolls of blinking
 q - 3 scrolls of teleportation
 s - a scroll of enchant weapon {unknown}
 v - a scroll of fog
 C - 2 scrolls of magic mapping
 D - a scroll of torment {unknown}
 E - 3 scrolls of enchant armour {unknown}
 F - 5 scrolls of identify
Potions
 d - a potion of haste
 j - a potion of flight
 l - a potion of heal wounds {unknown}
 m - a potion of degeneration {unknown}
 n - a potion of brilliance {unknown}
 o - a potion of ambrosia {unknown}
 r - 4 potions of mutation {unknown}
 t - 3 potions of attraction {unknown}
 u - a potion of magic {unknown}
 x - 2 potions of berserk rage {unknown}
 z - 2 potions of curing {unknown}


   Skills:
 + Level 4.2 Fighting
 + Level 4.6 Throwing
 + Level 3.7 Armour
 + Level 4.7 Dodging
 + Level 4.0 Shields
 + Level 5.7 Unarmed Combat
 + Level 4.0 Invocations


You had 8 spell levels left.
You didn't know any spells.
Your spell library contained the following spells:

 Spells                   Type           Power      Damage    Failure   Level
 Beastly Appendage        Tmut           0%         N/A       78%         1
 Magic Dart               Conj           0%         1d3       78%         1
 Sandblast                Erth           0%         2d4       78%         1
 Slow                     Hex            0%         N/A       78%         1
 Ensorcelled Hibernation  Hex/Ice        0%         N/A       89%         2
 Momentum Strike          Conj/Tloc      0%         3d8       89%         2
 Passwall                 Tmut/Erth      0%         N/A       89%         2
 Static Discharge         Conj/Air       0%         2-2/arc   89%         2
 Wereblood                Tmut           0%         N/A       89%         2
 Confusing Touch          Hex            0%         N/A       98%         3
 Dazzling Flash           Conj/Hex       0%         N/A       98%         3
 Spider Form              Tmut/Pois      0%         N/A       98%         3
 Stone Arrow              Conj/Erth      0%         3d7       98%         3
 Vampiric Draining        Necr           0%         2d6       98%         3
 Anguish                  Hex/Necr       0%         N/A       100%        4


Dungeon Overview and Level Annotations

Branches:
Dungeon (8/15)             Temple (0/1) D:6           Sewer (visited)
   Lair: D:8-11

Altars:
Ashenzari
Cheibriados
Makhleb
Nemelex Xobeh
Okawaru
Sif Muna
Vehumet
Xom

Shops:
D:3 :   D:6 *=

Annotations:
D:8 Joseph


Innate Abilities, Weirdness & Mutations

You are too large for most types of armour.
You have claws for hands.
Your natural rate of healing is unusually fast.
You are covered in fur. (AC +1)
You have tough skin. (AC +1)


Message History

Joseph unwields a +2 quarterstaff of speed.
Joseph wields a +0 sling.
Joseph shoots a sling bullet.
The sling bullet barely misses you.
Your Invocations skill increases to level 4!
i - 2 large rocks (gained 1) Joseph unwields a +0 sling.
Joseph wields a +2 quarterstaff of speed.
Joseph hits you with a +2 quarterstaff of speed.
Joseph hits you with a +2 quarterstaff of speed!!
You scratch Joseph.
Joseph is lightly wounded.
Joseph hits you with a +2 quarterstaff of speed.
You closely miss Joseph.
Joseph is lightly wounded.
You block Joseph's attack. x2
You claw Joseph!
Joseph is moderately wounded.
Joseph hits you with a +2 quarterstaff of speed!
You scratch Joseph.
Joseph is moderately wounded.
Joseph barely misses you. You block Joseph's attack.
You claw Joseph!
Joseph is heavily wounded.
Joseph hits you with a +2 quarterstaff of speed.
You completely miss Joseph.
Joseph is heavily wounded.
Joseph hits you with a +2 quarterstaff of speed!
You block Joseph's attack.
You scratch Joseph.
Joseph is heavily wounded.
Joseph hits you with a +2 quarterstaff of speed.
You claw Joseph!
Joseph is severely wounded.
You block Joseph's attack.
Joseph hits you with a +2 quarterstaff of speed!
* * * LOW HITPOINT WARNING * * *
You barely miss Joseph.
Joseph is severely wounded.
Joseph hits you with a +2 quarterstaff of speed!!
You die...

.......####.........
#......................
.######..##.####)....
.# ###..###.# ..
#.....#..# #.
....####.<..# .# ..#
#....## ##.# .
#.....###.# #....#..@@#
#...#####.# #.#.# #...#
#..>## #.#.... .....
..##.### ###..# #.# ##
#.. #.# #.# .##


You could see Joseph.

Vanquished Creatures
  A wyvern (D:7)
  A steam dragon (D:5)
  A black bear (D:5)
  2 orc warriors
  A sky beast (D:8)
  Pargi (Sewer)
  2 ice beasts (D:7)
  3 ogres
  A centaur (D:7)
  3 phantoms
  A bullfrog (D:6)
  A gnoll sergeant (D:7)
  A water moccasin zombie (D:6)
  2 scorpions
  4 wights (D:6)
  A bullfrog zombie (D:6)
  2 centaur zombies (D:6)
  4 orc priests
  A jelly (D:6)
  Crazy Yiuf (D:6)
  An iguana (D:5)
  2 orc wizards (D:6)
  A howler monkey zombie (D:6)
  4 adders
  10 gnolls
  A white imp (D:7)
  2 worms
  2 dart slugs
  25 orcs
  9 endoplasms
  5 giant cockroaches
  6 goblins
  3 hobgoblins
  4 jackals (D:2)
  7 kobolds
  4 quokkas
  2 ball pythons
  9 bats
  5 frilled lizards
  7 rats
143 creatures vanquished.

Vanquished Creatures (others)
  3 withered plants (D:6)
3 creatures vanquished.

Grand Total: 146 creatures vanquished

Notes
Turn   | Place    | Note
-------+----------+-------------------------------------------
     0 | D:1      | Smoke131 the Troll Gladiator began the quest for the Orb.
     0 | D:1      | Reached XP level 1. HP: 19/19 MP: 0/0
   128 | D:1      | Reached XP level 2. HP: 27/28 MP: 1/1
  1080 | D:2      | Reached XP level 3. HP: 35/35 MP: 2/2
  1321 | D:2      | Got the Encyclopedia of Battle Magic
  1348 | D:2      | Found an iron altar of Okawaru.
  1384 | D:2      | Became a worshipper of Warmaster Okawaru
  1806 | D:3      | Found Xanust's Book Emporium.
  1988 | D:3      | Reached XP level 4. HP: 42/42 MP: 3/3
  2005 | D:3      | Reached skill level 1 in Armour
  2055 | D:3      | Found a glowing drain.
  2067 | Sewer    | Entered a sewer
  2092 | Sewer    | Noticed Pargi
  2113 | Sewer    | Killed Pargi
  2113 | Sewer    | Reached * piety under Okawaru
  2114 | Sewer    | Reached skill level 1 in Shields
  2114 | Sewer    | Reached skill level 1 in Invocations
  2114 | Sewer    | Reached XP level 5. HP: 29/49 MP: 4/4
  2548 | D:3      | Identified the +1 troll leather armour "Empeufem" {rPois
                  | Will+ Regen+ Dex+2 Stlth-}
  2610 | D:3      | Identified the +1 pair of boots of Ugha Zibu {Will+}
  3151 | D:4      | Found a shimmering blue altar of Sif Muna.
  3423 | D:5      | Entered Level 5 of the Dungeon
  3494 | D:5      | Found a broken altar of Ashenzari.
  3686 | D:5      | Found a snail-covered altar of Cheibriados.
  3755 | D:5      | Found a radiant altar of Vehumet.
  3756 | D:5      | Found a sparkling altar of Nemelex Xobeh.
  3756 | D:5      | Noticed a phantom
  3757 | D:5      | Found a shimmering altar of Xom.
  3763 | D:5      | Killed a phantom
  3764 | D:5      | Reached XP level 6. HP: 59/59 MP: 6/6
  3970 | D:5      | Reached skill level 4 in Unarmed Combat
  4009 | D:5      | Reached XP level 7. HP: 65/66 MP: 7/7
  4182 | D:5      | Reached ** piety under Okawaru
  4229 | D:6      | Noticed a steam dragon
  4259 | D:5      | HP: 2/66 [steam dragon/ball of steam (11)]
  4332 | D:5      | HP: 3/66 [steam dragon/ball of steam (24)]
  4334 | D:5      | Killed a steam dragon
  4588 | D:6      | Found Nytarr's Neck Hole.
  4651 | D:6      | Found a staircase to the Ecumenical Temple.
  4705 | D:6      | Found a burning altar of Makhleb.
  4857 | D:6      | Reached XP level 8. HP: 39/75 MP: 7/9
  4945 | D:6      | Reached *** piety under Okawaru
  5159 | D:6      | Found an iron altar of Okawaru.
  5277 | D:6      | Reached skill level 5 in Unarmed Combat
  5382 | D:6      | Found a runed translucent door.
  5383 | D:6      | Noticed Crazy Yiuf
  5515 | D:6      | Found Ubrug's Jewellery Shoppe.
  5523 | D:6      | Bought a +6 ring of strength for 432 gold pieces
  5720 | D:6      | Killed Crazy Yiuf
  5806 | D:7      | Reached XP level 9. HP: 50/84 MP: 10/10
  5935 | D:7      | Reached **** piety under Okawaru
  6701 | D:8      | Noticed Joseph
  6706 | D:8      | Received a gift from Okawaru
  6717 | D:8      | Slain by Joseph

Illustrated notes

Levels and vault maps discovered:
D:1:      evilmike_arrival_rings, layout_basic, grunt_decor_mini_mirrors
D:2:      layout_basic, basic_altar
D:3:      layout_loops_ring, portal_sewer_entry_d, serial_shops, shop
D:4:      layout_gridville, kennysheep_mini
D:5:      layout_basic, nicolae_ashenzari_panopticon,
          mainiacjoe_overflow_cross_hatched,
          chequers_temple_overflow_statue_of_worship
D:6:      layout_loops_ring, amcnicky_altar_gilded, okawaru_gym_becter,
          minmay_temple_entry_fiery, serial_undead, serial_undead_f,
          serial_undead_b, serial_undead_d, serial_undead_e, serial_undead_d,
          serial_undead_c, serial_shops, shop, grunt_ministairs_7,
          roderic_roman_lattice, nicolae_shop_sticking_my_neck_out,
          uniq_crazy_yiuf_cottage
D:7:      layout_loops_cross
D:8:      layout_layer_cave, jmf_multi_god_temple, minmay_increasing_density,
          uniq_maggie, uniq_joseph, uniq_grum, uniq_maurice

Skill      XL: |  1  2  3  4  5  6  7  8  9 |
---------------+----------------------------+-----
Throwing       | 2 3 4 |  4.6
Fighting       | 2 3 4 |  4.2
Armour         | 1 2 3 |  3.7
Dodging        | 3 4 |  4.7
Shields        | 1 2 3 4 |  4.0
Invocations    | 1 2 3 4 |  4.0
Unarmed Combat | 4 5 |  5.7

Action                     |  1- 3 |  4- 6 |  7- 9 || total
---------------------------+-------+-------+-------++-------
  Melee: Unarmed           |   121 |    99 |   261 ||   481
         Punch             |     2 |       |       ||     2
  Throw: Large rock        |       |     1 |       ||     1
         Boomerang         |       |     2 |       ||     2
    Use: Scroll            |     6 |       |     2 ||     8
         Potion            |       |       |     1 ||     1
 Armour: Robe              |    47 |    49 |    48 ||   144
  Dodge: Dodged            |    57 |    60 |    90 ||   207
  Block: Kite shield       |       |    14 |    89 ||   103

Table legend: (Time is in decaauts)
 A = Elapsed time spent in this place.
 B = Non-inter-level travel time spent in this place.
 C = Inter-level travel time spent in this place.
 D = Time resting spent in this place.
 E = Time spent auto-exploring this place.
 F = Levels seen in this place.
 G = Mean time per level.
                   A        B        C        D        E       F      G
               +--------+--------+--------+--------+--------+-----+--------+
         Total |   6708 |   6242 |    466 |    335 |   4208 |   9 |  745.3 |
       Dungeon |   6619 |   6153 |    466 |    335 |   4196 |   8 |  827.4 |
         Sewer |     89 |     89 |      0 |      0 |     12 |   1 |   89.0 |
               +--------+--------+--------+--------+--------+-----+--------+

Top non-repeatable levels by time:
     D:6: 1338 daAuts
     D:1: 1017 daAuts
     D:5: 1006 daAuts
     D:2: 883 daAuts
     D:7: 799 daAuts
     D:3: 742 daAuts
     D:4: 733 daAuts
     D:8: 97 daAuts
   Sewer: 89 daAuts
